 Dungeon Crawl Stone Soup version 0.28-a0-622-gbaef9634d7 (webtiles) character file.

Game seed: 13345620549228604095

322 porpoise the Magician (level 6, -2/32 HPs)
             Began as a Deep Elf Conjurer on Oct 7, 2021.
             Hit by a boomerang thrown by an orc (5 damage)
             ... on level 3 of the Dungeon on Oct 8, 2021.
             The game lasted 00:09:14 (2920 turns).

porpoise the Magician (Deep Elf Conjurer)           Turns: 2920, Time: 00:09:15

Health: -2/32      AC:  2    Str:  5    XL:     6   Next: 22%
Magic:  10/17      EV: 12    Int: 24    God:
Gold:   78         SH:  5    Dex: 13    Spells: 3/18 levels left

rFire   + . .      SeeInvis .   a - +1 dagger (venom)
rCold   + . .      Faith    .   (no shield)
rNeg    . . .      Spirit   .   c - +0 robe
rPois   .          Reflect  +   (no helmet)
rElec   .          Harm     .   o - scarf {rC+ rF+}
rCorr   .          Rampage  .   (no gloves)
Will    .....                   (no boots)
Stlth   ++........              j - amulet of reflection
HPRegen 0.10/turn               (no ring)
MPRegen 0.15/turn               (no ring)

@: no status effects
A: no striking features
a: no special abilities


You were on level 3 of the Dungeon.
You visited 1 branch of the dungeon, and saw 3 of its levels.

You collected 78 gold pieces.

Inventory:

Hand Weapons
 a - a +1 dagger of venom (weapon)
Missiles
 h - 70 stones
 m - 10 sling bullets
Armour
 c - a +0 robe (worn)
 o - a scarf of resistance (worn)
Jewellery
 j - an amulet of reflection (around neck)
 l - an amulet of the acrobat
Scrolls
 b - a scroll of enchant armour {unknown}
 e - 3 scrolls of blinking {unknown}
 f - a scroll of teleportation {unknown}
 i - a scroll of fear {unknown}
 k - a scroll of identify {unknown}
Potions
 d - 2 potions of curing {unknown}
 g - a potion of flight {unknown}
 n - a potion of lignification {unknown}


   Skills:
 - Level 2.4 Dodging
 - Level 2.4 Stealth
 + Level 6.6 Spellcasting
 - Level 6.3 Conjurations
 + Level 2.1 Hexes


You had 3 spell levels left.
You knew the following spells:

 Your Spells              Type           Power      Damage    Failure   Level
a - Magic Dart            Conj           100%       1d8       1%          1
b - Searing Ray           Conj           76%        2d7       1%          2
c - Fulminant Prism       Conj/Hex       14%        3d9       13%         4
d - Iskenderun's Mystic   Conj/Tloc      23%        2d6       21%         4
e - Airstrike             Air            3%         N/A       58%         4

Your spell library contained the following spells:

 Spells                   Type           Power      Damage    Failure   Level
 Shock                    Conj/Air       92%        1d8       1%          1
 Dazzling Flash           Conj/Hex       56%        N/A       4%          3
 Portal Projectile        Hex/Tloc       26%        N/A       14%         3
 Call Canine Familiar     Summ           7%         N/A       22%         3
 Swiftness                Air            7%         N/A       22%         3
 Leda's Liquefaction      Hex/Erth       6%         N/A       43%         4


Dungeon Overview and Level Annotations

Branches:
Dungeon (3/15)

Altars:
Fedhas
Qazlal
Xom


Message History

Press: ? - help, Shift-Dir - straight line, f - orc priest
Aim: an orc priest, wielding a +0 flail (81% to hit)
Out of range.
Okay, then.
Unknown command.
An orc comes into view. It is wielding a +0 club.
An endoplasm comes into view.
Casting: Searing Ray (safe; 1% risk of failure)
Confirm with . or Enter, or press ? or * to list all spells.
Aiming: Searing Ray (safe; 1% risk of failure)
Press: ? - help, Shift-Dir - straight line, f - orc
Aim: an orc, wielding a +0 mace and wearing a +0 ring mail (83% to hit)
The searing ray hits the orc!
The orc is almost dead.
The searing ray hits the orc priest.
The orc priest is lightly wounded. (Press . to maintain the ray.)
The endoplasm quivers.
The orc shouts!
The orc priest mumbles some strange prayers to Beogh against you.
Beogh smites you!
The searing ray hits the orc!
You kill the orc!
The orc priest calls down the wrath of Beogh upon you.
Beogh smites you!
Ouch! That really hurt!
* * * LOW HITPOINT WARNING * * *
Unknown command.
Casting: Searing Ray (safe; 1% risk of failure)
Confirm with . or Enter, or press ? or * to list all spells.
Restarting spell: Searing Ray (safe; 1% risk of failure)
Press: ? - help, Shift-Dir - straight line, f - orc priest
Aim: an orc priest, wielding a +0 flail (lightly wounded, 81% to hit)
The searing ray hits the orc!
You kill the orc!
The searing ray hits the orc priest.
The orc priest is heavily wounded. (Press . to maintain the ray.)
The orc throws a boomerang.
The boomerang hits you.
You die...

...#....._....#
..............#
.....?........#
.........8....#
...J..........#
......._..._..# #
..............# ..#
...o)..@..)..†######..#
..o.[†.)..........#..#
....o.....######.....#
........### #)##.##
###.....##
#####.#..####
#.#.#....#............
#...#......####..#.###
..###..............###
... ..............#...


You could see an orc priest, 2 orcs and an endoplasm.

Vanquished Creatures
  Sigmund (D:2)
  Natasha (thrice) (D:2)
  3 adders
  A dart slug (D:1)
  2 orcs (D:3)
  7 ball pythons
  4 endoplasms
  9 goblins
  A hobgoblin (D:3)
  2 jackals (D:2)
  A quokka (D:1)
  2 bats (D:1)
  5 kobolds
  10 rats
51 creatures vanquished.

Notes
Turn   | Place    | Note
-------+----------+-------------------------------------------
     0 | D:1      | porpoise the Deep Elf Conjurer began the quest for the Orb.
     0 | D:1      | Reached XP level 1. HP: 10/10 MP: 6/6
    57 | D:1      | Found a faded altar of an unknown god.
   234 | D:1      | Reached XP level 2. HP: 15/15 MP: 5/8
   237 | D:1      | Learned a level 2 spell: Searing Ray
  1268 | D:2      | Reached XP level 3. HP: 19/19 MP: 8/10
  1382 | D:2      | Reached skill level 5 in Conjurations
  1981 | D:2      | Noticed Sigmund
  1988 | D:2      | Killed Sigmund
  1989 | D:2      | Reached XP level 4. HP: 24/24 MP: 2/14
  1989 | D:2      | Reached XP level 5. HP: 28/28 MP: 2/15
  2081 | D:2      | Learned a level 4 spell: Fulminant Prism
  2086 | D:2      | Learned a level 4 spell: Iskenderun's Mystic Blast
  2091 | D:2      | Learned a level 4 spell: Airstrike
  2180 | D:2      | Noticed Natasha
  2182 | D:2      | Killed Natasha
  2183 | D:2      | Reached skill level 1 in Hexes
  2388 | D:2      | Noticed Natasha
  2392 | D:2      | Killed Natasha
  2393 | D:2      | Reached XP level 6. HP: 32/32 MP: 11/17
  2490 | D:2      | Noticed Natasha
  2503 | D:2      | Killed Natasha
  2878 | D:3      | Found a blossoming altar of Fedhas.
  2879 | D:3      | Found a shimmering altar of Xom.
  2908 | D:3      | Found a stormy altar of Qazlal.
  2920 | D:3      | Hit by a boomerang thrown by an orc

Illustrated notes

Levels and vault maps discovered:
D:1:      roderic_octagonal_star, layout_basic,
          chequers_ecumenical_altar_twisty, minmay_misc_feat_tiny,
          minmay_rat_gold_closets
D:2:      layout_loops_ring, grunt_ministairs_13, uniq_sigmund, uniq_natasha
D:3:      layout_rooms, grunt_temple_overflow_open

Skill      XL: |  1  2  3  4  5  6 |
---------------+-------------------+-----
Spellcasting   | 4 6 |  6.6
Conjurations   | 6 |  6.3
Hexes          | 1 2 |  2.1
Dodging        | |  2.4
Stealth        | |  2.4

Action                   |  1- 3 |  4- 6 || total
-------------------------+-------+-------++-------
 Cast: Magic Dart        |    53 |     7 ||    60
       Searing Ray       |     7 |    10 ||    17
Armor: Robe              |     2 |     1 ||     3
Dodge: Dodged            |     6 |     2 ||     8
Block: Other             |     2 |     2 ||     4

Table legend: (Time is in decaauts)
 A = Elapsed time spent in this place.
 B = Non-inter-level travel time spent in this place.
 C = Inter-level travel time spent in this place.
 D = Time resting spent in this place.
 E = Time spent auto-exploring this place.
 F = Levels seen in this place.
 G = Mean time per level.
                   A        B        C        D        E       F      G
               +--------+--------+--------+--------+--------+-----+--------+
         Total |   2918 |   2900 |     18 |   1513 |   1021 |   3 |  972.7 |
       Dungeon |   2918 |   2900 |     18 |   1513 |   1021 |   3 |  972.7 |
               +--------+--------+--------+--------+--------+-----+--------+

Top non-repeatable levels by time:
     D:2: 1430 daAuts
     D:1: 1265 daAuts
     D:3: 222 daAuts
